 Dungeon Crawl Stone Soup version 0.30-a0-458-g86641cc (webtiles) character file.

Game seed: 17371972053060996327

784 Heli0sHyperion the Cruncher (level 8, -8/58 HPs)
             Began as a Formicid Fighter on Nov 20, 2022.
             Was an Initiate of Ashenzari.
             Mangled by an ice beast (12 damage)
             ... on level 5 of the Dungeon on Dec 14, 2022.
             The game lasted 00:10:00 (3236 turns).

Heli0sHyperion the Cruncher (Formicid Fighter)      Turns: 3236, Time: 00:10:01

Health: -8/58      AC:  9    Str: 23    XL:     8   Next: 11%
Magic:  8/8        EV:  6    Int:  8    God:    Ashenzari [......]
Gold:   248        SH:  9    Dex: 13    Spells: 7/7 levels left

rFire   . . .      SeeInvis +    a - +0 quarterstaff
rCold   . . .      Faith    .    s - +0 kite shield of the Profound Planets {Evo, Elem} (curse)
rNeg    . . .      Spirit   .    h - +0 chain mail
rPois   .          Reflect  .    (helmet unavailable)
rElec   .          Harm     .    (no cloak)
rCorr   .          Rampage  .    (no gloves)
Will    .....                    (no boots)
Stlth   ..........               (no amulet)
HPRegen 0.29/turn                (no ring)
MPRegen 0.11/turn                (no ring)

@: mighty
A: permanent stasis, dig shafts and tunnels, antennae 3, four strong arms
a: Dig, Shaft Self, Renounce Religion, Curse Item, Shatter the Chains


You were on level 5 of the Dungeon.
You worshipped Ashenzari.
Ashenzari was noncommittal.
You visited 1 branch of the dungeon, and saw 5 of its levels.

You collected 248 gold pieces.

Inventory:

Hand Weapons
 a - a +0 quarterstaff (weapon)
 q - a +0 battleaxe
Missiles
 y - 2 poisoned darts
 A - a throwing net
Armour
 c - a +0 buckler
 h - a +0 chain mail (worn)
 s - the cursed +0 kite shield of the Profound Planets (worn) {Evo, Elem}
   (You found it on level 3 of the Dungeon)

   It has a curse which improves the following skills: Evocations: Evocations.
   Elements:  Fire Magic, Ice Magic, Air Magic and Earth Magic.
Jewellery
 u - a ring of flight
 z - a ring of ice
 B - a ring of positive energy
Wands
 t - a wand of paralysis (7)
 C - a wand of iceblast (5)
Scrolls
 b - 2 scrolls of amnesia {unknown}
 e - a scroll of enchant weapon {unknown}
 g - a scroll of vulnerability {unknown}
 k - a scroll of blinking {unknown}
 l - a scroll of poison {unknown}
 m - 2 scrolls of identify {unknown}
 o - a scroll of fear {unknown}
 p - a scroll of summoning {unknown}
 r - a scroll of torment {unknown}
 v - a scroll of butterflies {unknown}
 w - a scroll of immolation {unknown}
Potions
 f - a potion of invisibility {unknown}
 i - 3 potions of curing {unknown}
 j - 3 potions of brilliance {unknown}
 n - a potion of berserk rage
 x - a potion of attraction {unknown}


   Skills:
 - Level 3.2 Fighting
 + Level 8.7 Staves
 - Level 3.2 Armour
 - Level 4.0 Shields


You had 7 spell levels left.
You didn't know any spells.
Your spell library contained the following spells:

 Spells                   Type           Power      Damage    Failure   Level
 Call Imp                 Summ           0%         N/A       100%        2
 Inner Flame              Hex/Fire       0%         N/A       100%        3
 Flame Wave               Conj/Fire      0%         2d4       100%        4
 Sticky Flame             Conj/Fire      0%         2d3       100%        4
 Malign Gateway           Summ/Tloc      0%         N/A       100%        7
 Summon Hydra             Summ           0%         N/A       100%        7


Dungeon Overview and Level Annotations

Branches:
Dungeon (5/15)
 Temple: D:4-7

Altars:
Ashenzari
Uskayaw
Xom
The Shining One


Innate Abilities, Weirdness & Mutations

You cannot be hasted, slowed, berserked, paralysed or teleported.
You can dig through walls and to a lower floor.
You have a pair of large antennae on your head. (SInv)
Your four strong arms can wield two-handed weapons with a shield.


Message History

The jackal bites you but does no damage.
You barely miss the ice beast.
The jackal bites you but does no damage.
You block the ice beast's attack.
The jackal bites you but does no damage.
You block the jackal's attack. The jackal bites you.
The jackal bites you but does no damage.
You sock the ice beast!
The ice beast is moderately wounded.
The jackal bites you but does no damage.
You block the jackal's attack. The jackal bites you.
The jackal bites you but does no damage.
You block the ice beast's attack.
You hit the ice beast.
The ice beast is heavily wounded.
The jackal bites you but does no damage.
The jackal closely misses you. You block the jackal's attack.
The jackal bites you but does no damage.
The ice beast hits you but does no damage.
The jackal barely misses you. x2
You hit the ice beast.
The ice beast is heavily wounded.
You block the jackal's attack.
The jackal bites you but does no damage. x3
You block the jackal's attack. You block the ice beast's attack.
The jackal bites you but does no damage.
You closely miss the ice beast.
The ice beast is heavily wounded.
The jackal bites you but does no damage.
You block the jackal's attack. x2
The jackal bites you but does no damage.
The ice beast hits you. The ice beast freezes you!
* * * LOW HITPOINT WARNING * * *
You closely miss the ice beast.
The ice beast is heavily wounded.
The jackal bites you but does no damage. x3
You block the jackal's attack. The ice beast hits you.
* * * LOW HITPOINT WARNING * * *
The ice beast freezes you!
You die...

#...~...#<...~≈....≈~.
...~..~#.....~≈..~≈≈...
###.~........≈≈...≈.....
≈≈≈≈≈≈≈.#..#.#..≈#....
#..####.####....###...
... #.###...#.......
#>##...)........
#.....#hhh......
........@h[....#
.#.......Y......
####..<.......#
#...........
#..........#
............
~.......###.. .........#
#.


You could see an ice beast and 4 jackals.

Vanquished Creatures
  Duvessa (D:4)
  An ogre (D:5)
  A phantom (D:4)
  A centaur (D:5)
  A necrophage (D:5)
  A scorpion (D:5)
  Dowan (D:4)
  A jelly (D:4)
  A hound (D:4)
  An orc priest (D:4)
  2 orc wizards (D:4)
  3 gnolls (D:5)
  2 adders (D:3)
  A white imp (D:5)
  An ufetubus (D:4)
  A worm (D:2)
  9 orcs (D:4)
  6 endoplasms
  A giant cockroach (D:1)
  3 goblins (D:3)
  5 hobgoblins
  4 jackals
  A quokka (D:1)
  7 ball pythons
  2 bats (D:1)
  2 frilled lizards (D:1)
  5 kobolds
  5 rats
70 creatures vanquished.

Notes
Turn   | Place    | Note
-------+----------+-------------------------------------------
     0 | D:1      | Heli0sHyperion the Formicid Fighter began the quest for the
                  | Orb.
     0 | D:1      | Reached XP level 1. HP: 18/18 MP: 1/1
   161 | D:1      | Found a faded altar of an unknown god.
   213 | D:1      | Reached XP level 2. HP: 24/24 MP: 2/2
   386 | D:1      | Reached skill level 3 in Staves
   647 | D:2      | Found a broken altar of Ashenzari.
   667 | D:2      | Became a worshipper of Ashenzari the Shackled
   714 | D:2      | Reached XP level 3. HP: 26/29 MP: 3/3
  1390 | D:3      | Reached skill level 4 in Staves
  1390 | D:3      | Reached XP level 4. HP: 24/35 MP: 4/4
  1483 | D:3      | Got Mara's Anthology of Generation
  1856 | D:4      | Upgraded the game from 0.30-a0-371-gad7725a to
                  | 0.30-a0-458-g86641cc
  1980 | D:4      | Reached XP level 5. HP: 37/41 MP: 5/5
  2038 | D:4      | Found a hide-covered altar of Uskayaw.
  2112 | D:4      | Reached skill level 5 in Staves
  2162 | D:4      | Noticed Duvessa
  2176 | D:4      | Noticed Dowan
  2185 | D:4      | Killed Duvessa
  2186 | D:4      | Reached skill level 6 in Staves
  2186 | D:4      | Reached XP level 6. HP: 24/47 MP: 6/6
  2187 | D:5      | Entered Level 5 of the Dungeon
  2221 | D:4      | Killed Dowan
  2402 | D:4      | Reached skill level 7 in Staves
  2402 | D:4      | Reached XP level 7. HP: 42/52 MP: 7/7
  2457 | D:4      | Identified the +4 leather armour "Ahorph" {rElec Str-4
                  | Slay+2}
  2794 | D:4      | Found a large runed translucent door.
  2795 | D:4      | Found a large runed translucent door.
  2983 | D:4      | Found a shimmering altar of Xom.
  3000 | D:4      | Found a glowing golden altar of the Shining One.
  3078 | D:5      | Reached skill level 8 in Staves
  3219 | D:5      | Reached XP level 8. HP: 50/58 MP: 8/8
  3236 | D:5      | Mangled by an ice beast

Illustrated notes

Levels and vault maps discovered:
D:1:      shiori_arrival_elements, layout_loops_ring,
          hellmonk_ecumenical_altar_inner_sanctum
D:2:      layout_basic, basic_altar, palyth_stone_intersect,
          chequers_serial_rivers_small_3
D:3:      layout_rooms
D:4:      minmay_general_purpose_star, layout_loops_ring, jmf_multi_god_temple2,
          mainiacjoe_overflow_surrounded_room, uniq_duvessa
D:5:      layout_rooms, serial_rivers, chequers_serial_rivers_micro_c,
          chequers_serial_rivers_small_b, chequers_serial_rivers_small_b,
          chequers_serial_rivers_micro_e

Skill      XL: |  1  2  3  4  5  6  7 |
---------------+----------------------+-----
Staves         | 3 4 6 7 8 |  8.7
Fighting       | |  3.2
Armour         | |  3.2
Shields        | |  4.0

Action                   |  1- 3 |  4- 6 |  7- 9 || total
-------------------------+-------+-------+-------++-------
Melee: Quarterstaff      |    99 |    65 |    85 ||   249
Invok: Curse Item        |       |     1 |       ||     1
  Use: Potion            |       |     1 |     1 ||     2
Armor: Scale mail        |     4 |       |       ||     4
       Chain mail        |    44 |    23 |    75 ||   142
Dodge: Dodged            |    31 |    15 |    34 ||    80
Block: Buckler           |    18 |     1 |       ||    19
       Kite shield       |       |    17 |    64 ||    81

Table legend: (Time is in decaauts)
 A = Elapsed time spent in this place.
 B = Non-inter-level travel time spent in this place.
 C = Inter-level travel time spent in this place.
 D = Time resting spent in this place.
 E = Time spent auto-exploring this place.
 F = Levels seen in this place.
 G = Mean time per level.
                   A        B        C        D        E       F      G
               +--------+--------+--------+--------+--------+-----+--------+
         Total |   3268 |   3156 |    112 |    294 |   2167 |   5 |  653.6 |
       Dungeon |   3268 |   3156 |    112 |    294 |   2167 |   5 |  653.6 |
               +--------+--------+--------+--------+--------+-----+--------+

Top non-repeatable levels by time:
     D:4: 1302 daAuts
     D:1: 648 daAuts
     D:2: 576 daAuts
     D:3: 537 daAuts
     D:5: 203 daAuts
